WCHLSIM.com - West Coast Hockey League
html PUBLIC "-//W3C//DTD XHTML 1.0 Transitional//EN" "http://www.w3.org/TR/xhtml1/DTD/xhtml1-transitional.dtd"> WCHL - Game 206 - BOISE CARIBOUS vs COLORADO GLACIERCATS

BOISE CARIBOUS vs COLORADO GLACIERCATS

Created - 14 novembre 2021 at 22:36

Goals
1 2 3 T
BOISE CARIBOUS 0 0 0 0
COLORADO GLACIERCATS 1 0 1 2
Shots
1 2 3 T
BOISE CARIBOUS 14 3 2 19
COLORADO GLACIERCATS 3 4 4 11

1st period

1. COLORADO GLACIERCATS , Alex Iafallo 8 (Joonas Donskoi 8, Brayden Schenn 8) at 5:43 (PP)

Penalties :
Lawson Crouse (BOI) for Hooking (Minor) at 5:19, Leon Draisaitl (COL) for Delaying the game (Minor) at 9:03, Vladislav Gavrikov (COL) for Holding (Minor) at 18:40

2nd period

No Goal

Penalties :
Ilya Lyubushkin (COL) for Tripping (Minor) at 12:27, Devon Toews (COL) for Hooking (Minor) at 19:53

3rd period

2. COLORADO GLACIERCATS , Joonas Donskoi 2 (Torey Krug 5, Brayden Schenn 9) at 18:02 (PP)

Penalties :
Jani Hakanpaa (BOI) for Hooking (Minor) at 17:56, Ryan Getzlaf (COL) for Interference (Minor) at 18:23

Goalie Stats

Jake Allen (BOI), 9 saves from 11 shots - (0,818), L, 3-5-0, 60:00 minutes
Kaapo Kahkonen (COL), 19 saves from 19 shots - (1,000), W, 8-5-0, 60:00 minutes

Players Stats for BOISE CARIBOUS

Player Name              G  A  P  +/- PIM S  H  SB GA TA FO     MP     PP MP  PK MP  
------------------------------------------------------------------------------------
Andre Burakovsky         0  0  0   0  0   5  1  0  0  0  2/3    21:49   6:03   0:00 
Denis Gurianov           0  0  0   0  0   0  2  0  0  0  0/2    17:37   3:29   0:00 
Dmitry Kulikov           0  0  0   0  0   0  1  0  0  0  0/0    15:51   0:00   0:06 
Dominik Kubalik          0  0  0   0  0   2  0  0  0  0  0/0    20:11   6:03   0:00 
Ivan Barbashev           0  0  0   0  0   1  0  1  0  0  0/1    11:54   3:46   0:06 
Jani Hakanpaa            0  0  0   0  2   0  4  1  0  0  0/0    15:44   0:00   0:00 
Jesperi Kotkaniemi       0  0  0   0  0   0  2  1  0  0  7/15   14:32   0:00   0:24 
John Klingberg           0  0  0   0  0   0  0  1  0  0  0/0    23:11   5:46   0:00 
John Tavares             0  0  0   0  0   4  0  0  0  0  9/19   21:49   6:03   0:00 
Kaapo Kakko              0  0  0   0  0   1  0  0  0  0  0/0    12:26   0:00   0:24 
Lawson Crouse            0  0  0   0  2   0  1  0  0  0  0/2    15:36   3:29   0:06 
Marco Scandella          0  0  0   0  0   1  2  3  0  0  0/0    17:12   0:00   0:24 
Matt Benning             0  0  0   0  0   0  0  0  0  0  0/1     8:08   0:00   0:06 
Paul Carey               0  0  0   0  0   0  0  0  0  0  1/1     8:02   0:00   0:00 
Rasmus Andersson         0  0  0   0  0   0  2  0  0  0  0/0    17:49   0:00   0:24 
Rasmus Dahlin            0  0  0   0  0   1  2  0  0  0  0/0    20:34   3:46   0:00 
Tim Stutzle              0  0  0   0  0   2  0  0  0  0  1/4    21:32   5:46   0:00 
Vladislav Namestnikov    0  0  0   0  0   2  0  0  0  0  6/22   15:31   3:29   0:00 

Players Stats for COLORADO GLACIERCATS

Player Name              G  A  P  +/- PIM S  H  SB GA TA FO     MP     PP MP  PK MP  
------------------------------------------------------------------------------------
Alex Iafallo             1  0  1   0  0   2  0  0  0  0  0/0    13:34   0:30   0:20 
Brayden Schenn           0  2  2   0  0   2  0  0  0  0  2/2    16:35   0:30   0:00 
Cameron Hughes           0  0  0   0  0   0  1  0  0  0  0/1     4:07   0:00   0:36 
Devon Toews              0  0  0   0  2   1  0  1  0  0  0/0    22:30   0:06   3:22 
Dustin Brown             0  0  0   0  0   0  3  0  0  0  0/0    12:44   0:00   0:00 
Erik Brannstrom          0  0  0   0  0   0  0  0  0  0  0/0    14:23   0:24   0:00 
Ilya Lyubushkin          0  0  0   0  2   0  0  1  0  0  0/0    15:54   0:00   1:56 
Joonas Donskoi           1  1  2   0  0   3  0  0  0  0  0/1    20:59   0:30   4:24 
Leon Draisaitl           0  0  0   0  2   1  1  0  0  0  1/1    17:37   0:00   0:00 
Luke Glendening          0  0  0   0  0   0  2  0  0  0  8/12    7:55   0:00   4:24 
Ryan Ellis               0  0  0   0  0   0  1  0  0  0  0/0    24:30   0:24   5:30 
Ryan Getzlaf             0  0  0   0  2   0  2  0  0  0  13/21  20:16   0:00   4:12 
Sam Reinhart             0  0  0   0  0   0  0  0  0  0  0/0    17:38   0:00   0:00 
Tage Thompson            0  0  0   0  0   0  0  0  0  0  0/0     3:31   0:00   0:00 
Tomas Hertl              0  0  0   0  0   0  2  0  0  0  14/18  17:38   0:00   0:00 
Torey Krug               0  1  1   0  0   1  0  0  0  0  0/0    21:31   0:06   4:02 
Tyson Jost               0  0  0   0  0   1  2  1  0  0  6/14   17:52   0:00   5:08 
Vladislav Gavrikov       0  0  0   0  2   0  1  1  0  0  0/0    21:09   0:00   4:14 

3 Stars

1 - Kaapo Kahkonen (COL)
2 - Joonas Donskoi (COL)
3 - Alex Iafallo (COL)

Power Play

BOISE CARIBOUS - 0 on 5 Attempt(s) - 0,00%
COLORADO GLACIERCATS - 2 on 2 Attempt(s) - 100,00%

Penalty Kill

BOISE CARIBOUS - 0 on 2 Attempt(s) - 0,00% - Score 0 goal in Penalty Kill
COLORADO GLACIERCATS - 5 on 5 Attempt(s) - 100,00% - Score 0 goal in Penalty Kill

Team Stat

BOISE CARIBOUS - Hits : 17 - Faceoff Wins : 26 - Blocked Shots : 7 - Penalty Minutes : 4
COLORADO GLACIERCATS - Hits : 15 - Faceoff Wins : 44 - Blocked Shots : 4 - Penalty Minutes : 10

Official

Referees : Corey Syvret and Steve Kozari
Linesman : Kelsey Mahoney and Steven Berry

Game Notes

No Game Note

Finance

Level 1 -- Attendance: 7644 (89,93%) -- Ticket Income 1 100 736 $
Level 2 -- Attendance: 4776 (79,60%) -- Ticket Income 549 240 $
Level 3 -- Attendance: 2526 (84,20%) -- Ticket Income 219 762 $
Level 4 -- Attendance: 4467 (89,34%) -- Ticket Income 281 421 $
Luxury Box -- Attendance: 919 (83,55%) -- Ticket Income 294 080 $
Game was played at the GC Place.
Total Attendance: 20332 (86,15%)
Total Ticket Income: 2 445 239 $
Other Expense: 24 452 $
Total Income: 2 420 787 $

BOISE CARIBOUS

5 vs 5 Forward 
   Center                   Left Wing                Right Wing               Time % Phy DF OF 
 1 John Tavares             Tim Stutzle              Andre Burakovsky         33     0   2  3  
 2 Jesperi Kotkaniemi       Denis Gurianov           Dominik Kubalik          30     0   2  3  
 3 Vladislav Namestnikov    Lawson Crouse            Kaapo Kakko              25     0   3  2  
 4 Paul Carey               Ivan Barbashev           Matt Benning             12     1   4  0  

5 vs 5 Defense 
   Defense                  Defense                                           Time % Phy DF OF 
 1 Rasmus Andersson         John Klingberg                                    35     1   2  2  
 2 Rasmus Dahlin            Marco Scandella                                   34     1   2  2  
 3 Dmitry Kulikov           Jani Hakanpaa                                     31     1   4  0  
 4 John Klingberg           Rasmus Andersson                                  0      0   5  0  

PowerPlay Forward 
   Center                   Left Wing                Right Wing               Time % Phy DF OF 
 1 John Tavares             Andre Burakovsky         Dominik Kubalik          55     0   1  4  
 2 Vladislav Namestnikov    Lawson Crouse            Denis Gurianov           45     0   2  3  

PowerPlay Defense
   Defense                  Defense                                           Time % Phy DF OF 
 1 John Klingberg           Tim Stutzle                                       55     0   1  4  
 2 Ivan Barbashev           Rasmus Dahlin                                     45     0   2  3  

Penalty Kill 4 Players Forward 
   Center                   Wing                     Time % Phy DF OF 
 1 Jesperi Kotkaniemi       Kaapo Kakko              55     0   5  0  
 2 Ivan Barbashev           Lawson Crouse            45     1   4  0  

Penalty Kill 4 Players Defense
   Defense                  Defense                  Time % Phy DF OF 
 1 Marco Scandella          Rasmus Andersson         55     1   4  0  
 2 Dmitry Kulikov           Matt Benning             45     1   4  0  

Penalty Kill - 3 Players Forward 
   Forward                                           Time % Phy DF OF 
 1 John Tavares                                      55     0   5  0  
 2 Paul Carey                                        45     1   4  0  

Penalty Kill - 3 Players Defense
   Defense                  Defense                  Time % Phy DF OF 
 1 John Klingberg           Rasmus Andersson         55     0   5  0  
 2 Marco Scandella          Jani Hakanpaa            45     1   4  0  

4 vs 4 Forward 
   Center                   Wing                     Time % Phy DF OF 
 1 John Tavares             Dominik Kubalik          55     1   2  2  
 2 Jesperi Kotkaniemi       Andre Burakovsky         45     1   2  2  

4 vs 4 Defense
   Defense                  Defense                  Time % Phy DF OF 
 1 John Klingberg           Rasmus Dahlin            55     1   2  2  
 2 Dmitry Kulikov           Rasmus Andersson         45     1   2  2  

Last Minutes Offensive
   Center                   Left Wing                Right Wing               Defense                  Defense                  
   John Tavares             Andre Burakovsky         Dominik Kubalik          John Klingberg           Rasmus Dahlin            

Last Minutes Defensive
   Center                   Left Wing                Right Wing               Defense                  Defense                  
   John Tavares             Jesperi Kotkaniemi       Kaapo Kakko              Marco Scandella          Rasmus Andersson         

Goaltenders
Starting : Jake Allen               
Backup : Ilya Sorokin             

Extra Forwards
Normal : Vladislav Namestnikov, Lawson Crouse, Tim Stutzle - PP : Kaapo Kakko, Lawson Crouse - PK : Ivan Barbashev
Extra Defensemen
Normal : Dmitry Kulikov, Jani Hakanpaa, Rasmus Dahlin - PP : Dmitry Kulikov - PK : John Klingberg, Rasmus Dahlin
Penalty Shots
John Tavares, Ivan Barbashev, Andre Burakovsky, Denis Gurianov, Dominik Kubalik
Custom OT Lines Forwards
John Tavares, Ivan Barbashev, Andre Burakovsky, Lawson Crouse, Dominik Kubalik, Denis Gurianov, Jesperi Kotkaniemi, Tim Stutzle, Kaapo Kakko, Vladislav Namestnikov
Custom OT Lines Defensemen
John Klingberg, Marco Scandella, Rasmus Dahlin, Rasmus Andersson, Dmitry Kulikov

Scratches
Jeff Carter (Chest/Ribs Injury), Paul Stastny (Sore Left Knee Injury)

COLORADO GLACIERCATS

5 vs 5 Forward 
   Center                   Left Wing                Right Wing               Time % Phy DF OF 
 1 Tomas Hertl              Leon Draisaitl           Sam Reinhart             35     0   1  4  
 2 Ryan Getzlaf             Joonas Donskoi           Brayden Schenn           33     0   2  3  
 3 Tyson Jost               Alex Iafallo             Dustin Brown             27     1   2  2  
 4 Luke Glendening          Cameron Hughes           Tage Thompson            5      1   2  2  

5 vs 5 Defense 
   Defense                  Defense                                           Time % Phy DF OF 
 1 Torey Krug               Devon Toews                                       35     0   2  3  
 2 Ryan Ellis               Vladislav Gavrikov                                33     0   3  2  
 3 Erik Brannstrom          Ilya Lyubushkin                                   27     0   4  1  
 4 Devon Toews              Ryan Ellis                                        5      0   1  4  

PowerPlay Forward 
   Center                   Left Wing                Right Wing               Time % Phy DF OF 
 1 Tomas Hertl              Leon Draisaitl           Sam Reinhart             50     0   0  5  
 2 Brayden Schenn           Alex Iafallo             Joonas Donskoi           50     1   1  3  

PowerPlay Defense
   Defense                  Defense                                           Time % Phy DF OF 
 1 Torey Krug               Devon Toews                                       60     0   1  4  
 2 Ryan Ellis               Erik Brannstrom                                   40     0   2  3  

Penalty Kill 4 Players Forward 
   Center                   Wing                     Time % Phy DF OF 
 1 Luke Glendening          Joonas Donskoi           50     0   4  1  
 2 Ryan Getzlaf             Tyson Jost               50     0   4  1  

Penalty Kill 4 Players Defense
   Defense                  Defense                  Time % Phy DF OF 
 1 Ryan Ellis               Vladislav Gavrikov       50     1   4  0  
 2 Devon Toews              Torey Krug               50     1   4  0  

Penalty Kill - 3 Players Forward 
   Forward                                           Time % Phy DF OF 
 1 Tomas Hertl                                       50     0   5  0  
 2 Tyson Jost                                        50     0   5  0  

Penalty Kill - 3 Players Defense
   Defense                  Defense                  Time % Phy DF OF 
 1 Ryan Ellis               Vladislav Gavrikov       50     0   5  0  
 2 Devon Toews              Torey Krug               50     0   5  0  

4 vs 4 Forward 
   Center                   Wing                     Time % Phy DF OF 
 1 Tomas Hertl              Leon Draisaitl           50     0   1  4  
 2 Brayden Schenn           Joonas Donskoi           50     0   1  4  

4 vs 4 Defense
   Defense                  Defense                  Time % Phy DF OF 
 1 Devon Toews              Torey Krug               45     0   3  2  
 2 Ryan Ellis               Vladislav Gavrikov       55     0   3  2  

Last Minutes Offensive
   Center                   Left Wing                Right Wing               Defense                  Defense                  
   Tomas Hertl              Leon Draisaitl           Sam Reinhart             Devon Toews              Torey Krug               

Last Minutes Defensive
   Center                   Left Wing                Right Wing               Defense                  Defense                  
   Tomas Hertl              Tyson Jost               Leon Draisaitl           Devon Toews              Ryan Ellis               

Goaltenders
Starting : Kaapo Kahkonen           
Backup : Troy Grosenick           

Extra Forwards
Normal : Tomas Hertl, Sam Reinhart, Brayden Schenn - PP : Dustin Brown, Tyson Jost - PK : Cameron Hughes
Extra Defensemen
Normal : Erik Brannstrom, Ilya Lyubushkin, Vladislav Gavrikov - PP : Vladislav Gavrikov - PK : Ilya Lyubushkin, Erik Brannstrom
Penalty Shots
Leon Draisaitl, Sam Reinhart, Tomas Hertl, Brayden Schenn, Joonas Donskoi
Custom OT Lines Forwards
Leon Draisaitl, Tomas Hertl, Sam Reinhart, Brayden Schenn, Tyson Jost, Joonas Donskoi, Alex Iafallo, Dustin Brown, Ryan Getzlaf, Luke Glendening
Custom OT Lines Defensemen
Devon Toews, Ryan Ellis, Torey Krug, Vladislav Gavrikov, Erik Brannstrom

Scratches
Craig Anderson (Separated Right Shoulder Injury)

% Time on Ice - BOISE CARIBOUS

Lines # - Real PCT - Wanted PCT - Time Play
Normal Forward
1 - 32% - 33% - 15:46
2 - 28% - 30% - 14:08
3 - 24% - 25% - 12:02
4 - 16% - 12% - 8:02
Normal Defense
1 - 35% - 35% - 17:25
2 - 34% - 34% - 16:48
3 - 32% - 31% - 15:45
4 - 0% - 0% - 0:00
PP Forward
1 - 63% - 55% - 6:03
2 - 37% - 45% - 3:29
PP Defense
1 - 60% - 55% - 5:46
2 - 40% - 45% - 3:46
PK Forward
1 - 80% - 55% - 0:24
2 - 20% - 45% - 0:06
PK Defense
1 - 80% - 55% - 0:24
2 - 20% - 45% - 0:06
PK3 Forward
1 - 0% - 55%
2 - 0% - 45%
PK3 Defense
1 - 0% - 55%
2 - 0% - 45%
44 Forward
1 - 0% - 55%
2 - 0% - 45%
44 Defense
1 - 0% - 55%
2 - 0% - 45%
Last Minute Offensive  - 0:00
Last Minute Defensive  - 0:00
Total
Forward - 60:00
Defense - 60:00

% Time on Ice - COLORADO GLACIERCATS

Lines # - Real PCT - Wanted PCT - Time Play
Normal Forward
1 - 35% - 35% - 17:38
2 - 32% - 33% - 16:05
3 - 25% - 27% - 12:44
4 - 7% - 5% - 3:31
Normal Defense
1 - 35% - 35% - 17:23
2 - 34% - 33% - 16:56
3 - 28% - 27% - 13:59
4 - 3% - 5% - 1:40
PP Forward
1 - 0% - 50% - 0:00
2 - 100% - 50% - 0:30
PP Defense
1 - 20% - 60% - 0:06
2 - 80% - 40% - 0:24
PK Forward
1 - 46% - 50% - 4:24
2 - 54% - 50% - 5:08
PK Defense
1 - 58% - 50% - 5:30
2 - 42% - 50% - 4:02
PK3 Forward
1 - 0% - 50%
2 - 0% - 50%
PK3 Defense
1 - 0% - 50%
2 - 0% - 50%
44 Forward
1 - 0% - 50%
2 - 0% - 50%
44 Defense
1 - 0% - 45%
2 - 0% - 55%
Last Minute Offensive  - 0:00
Last Minute Defensive  - 0:00
Total
Forward - 60:00
Defense - 60:00

Play-by-Play

1st period


0:01 of 1st period - Tomas Hertl wins face-off versus John Tavares in neutral zone.
0:06 of 1st period - John Klingberg is hit by Tomas Hertl and loses puck.
0:16 of 1st period - Icing by John Tavares.
0:17 of 1st period - John Tavares wins face-off versus Ryan Getzlaf in BOISE CARIBOUS zone.
0:17 of 1st period - John Tavares is hit by Ryan Getzlaf.
0:35 of 1st period - Shot by Andre Burakovsky.
0:35 of 1st period - Stopped by Kaapo Kahkonen without a rebound.
0:36 of 1st period - Tyson Jost wins face-off versus Jesperi Kotkaniemi in COLORADO GLACIERCATS zone.
0:50 of 1st period - Tyson Jost is hit by Rasmus Dahlin and loses puck.
1:10 of 1st period - Icing by Marco Scandella.
1:11 of 1st period - Jesperi Kotkaniemi wins face-off versus Tomas Hertl in BOISE CARIBOUS zone.
2:02 of 1st period - Off-side.
2:03 of 1st period - Ryan Getzlaf wins face-off versus Vladislav Namestnikov in neutral zone.
2:24 of 1st period - Shot by Joonas Donskoi.
2:24 of 1st period - Shot Misses the Net.
2:34 of 1st period - Shot by Joonas Donskoi.
2:34 of 1st period - Stopped by Jake Allen without a rebound.
2:35 of 1st period - Paul Carey wins face-off versus Luke Glendening in BOISE CARIBOUS zone.
2:35 of 1st period - Paul Carey is hit by Luke Glendening.
3:56 of 1st period - Shot by Tyson Jost.
3:56 of 1st period - Deflect By Dustin Brown.
3:56 of 1st period - Shot Misses the Net.
3:58 of 1st period - Shot by Alex Iafallo.
3:58 of 1st period - Stopped by Jake Allen without a rebound.
3:59 of 1st period - John Tavares wins face-off versus Joonas Donskoi in BOISE CARIBOUS zone.
4:15 of 1st period - Shot by Joonas Donskoi.
4:15 of 1st period - Shot Misses the Net.
4:21 of 1st period - Shot by Brayden Schenn.
4:21 of 1st period - Shot Misses the Net.
4:34 of 1st period - Icing by Jani Hakanpaa.
4:35 of 1st period - Tim Stutzle wins face-off versus Tomas Hertl in BOISE CARIBOUS zone.
4:50 of 1st period - Shot by John Tavares.
4:50 of 1st period - Stopped by Kaapo Kahkonen with a rebound.
5:07 of 1st period - Icing by Leon Draisaitl.
5:08 of 1st period - Tomas Hertl wins face-off versus Jesperi Kotkaniemi in COLORADO GLACIERCATS zone.
5:18 of 1st period - Off-side.
5:19 of 1st period - Ryan Getzlaf wins face-off versus Vladislav Namestnikov in neutral zone.
5:19 of 1st period - Minor Penalty to Lawson Crouse for Hooking.
5:20 of 1st period - Brayden Schenn wins face-off versus Jesperi Kotkaniemi in BOISE CARIBOUS zone.
5:39 of 1st period - Shot by Brayden Schenn.
5:39 of 1st period - Shot Blocked by Marco Scandella.
5:41 of 1st period - Shot by Joonas Donskoi.
5:41 of 1st period - Shot Misses the Net.
5:43 of 1st period - Shot by Alex Iafallo.
5:43 of 1st period - Goal by Alex Iafallo - BOISE CARIBOUS : 0 - COLORADO GLACIERCATS : 1.
5:44 of 1st period - Tomas Hertl wins face-off versus John Tavares in neutral zone.
5:47 of 1st period - John Tavares is hit by Tomas Hertl and loses puck.
6:09 of 1st period - Shot by Andre Burakovsky.
6:09 of 1st period - Stopped by Kaapo Kahkonen with a rebound.
6:17 of 1st period - Shot by John Tavares.
6:17 of 1st period - Stopped by Kaapo Kahkonen with a rebound.
6:19 of 1st period - Shot by John Tavares.
6:19 of 1st period - Deflect By Andre Burakovsky.
6:19 of 1st period - Stopped by Kaapo Kahkonen without a rebound.
6:20 of 1st period - Ryan Getzlaf wins face-off versus Vladislav Namestnikov in COLORADO GLACIERCATS zone.
6:22 of 1st period - Icing by Joonas Donskoi.
6:23 of 1st period - Vladislav Namestnikov wins face-off versus Ryan Getzlaf in COLORADO GLACIERCATS zone.
6:32 of 1st period - Shot by Vladislav Namestnikov.
6:32 of 1st period - Stopped by Kaapo Kahkonen with a rebound.
6:34 of 1st period - Shot by Marco Scandella.
6:34 of 1st period - Stopped by Kaapo Kahkonen with a rebound.
6:54 of 1st period - Shot by Lawson Crouse.
6:54 of 1st period - Shot Misses the Net.
7:02 of 1st period - Shot by Vladislav Namestnikov.
7:02 of 1st period - Stopped by Kaapo Kahkonen without a rebound.
7:03 of 1st period - Jesperi Kotkaniemi wins face-off versus Tyson Jost in COLORADO GLACIERCATS zone.
7:07 of 1st period - Icing by Dustin Brown.
7:08 of 1st period - Tyson Jost wins face-off versus Jesperi Kotkaniemi in COLORADO GLACIERCATS zone.
7:10 of 1st period - Icing by Alex Iafallo.
7:11 of 1st period - Tyson Jost wins face-off versus Denis Gurianov in COLORADO GLACIERCATS zone.
7:13 of 1st period - Alex Iafallo is hit by Jesperi Kotkaniemi and loses puck.
7:18 of 1st period - Shot by Alex Iafallo.
7:18 of 1st period - Shot Misses the Net.
7:27 of 1st period - Dustin Brown is hit by Rasmus Andersson.
7:35 of 1st period - Alex Iafallo is hit by Jesperi Kotkaniemi and loses puck.
7:52 of 1st period - Shot by Denis Gurianov.
7:52 of 1st period - Shot Blocked by Ilya Lyubushkin.
8:41 of 1st period - Icing by Marco Scandella.
8:42 of 1st period - Tomas Hertl wins face-off versus John Tavares in BOISE CARIBOUS zone.
9:03 of 1st period - Minor Penalty to Leon Draisaitl for Delaying the game.
9:04 of 1st period - Luke Glendening wins face-off versus Vladislav Namestnikov in COLORADO GLACIERCATS zone.
9:12 of 1st period - Icing by John Klingberg.
9:13 of 1st period - Luke Glendening wins face-off versus Vladislav Namestnikov in BOISE CARIBOUS zone.
10:13 of 1st period - Shot by John Tavares.
10:13 of 1st period - Shot Misses the Net.
10:15 of 1st period - Shot by Dominik Kubalik.
10:15 of 1st period - Stopped by Kaapo Kahkonen without a rebound.
10:16 of 1st period - Luke Glendening wins face-off versus John Tavares in COLORADO GLACIERCATS zone.
10:33 of 1st period - Icing by John Tavares.
10:34 of 1st period - Ryan Getzlaf wins face-off versus John Tavares in BOISE CARIBOUS zone.
10:48 of 1st period - Shot by John Tavares.
10:48 of 1st period - Shot Misses the Net.
10:50 of 1st period - Shot by Ivan Barbashev.
10:50 of 1st period - Stopped by Kaapo Kahkonen with a rebound.
11:05 of 1st period - Icing by Denis Gurianov.
11:06 of 1st period - Leon Draisaitl wins face-off versus Vladislav Namestnikov in BOISE CARIBOUS zone.
11:16 of 1st period - Shot by Kaapo Kakko.
11:16 of 1st period - Stopped by Kaapo Kahkonen without a rebound.
11:17 of 1st period - Tomas Hertl wins face-off versus Vladislav Namestnikov in COLORADO GLACIERCATS zone.
12:20 of 1st period - Off-side.
12:21 of 1st period - Jesperi Kotkaniemi wins face-off versus Ryan Getzlaf in neutral zone.
12:35 of 1st period - Dominik Kubalik is hit by Ryan Ellis and loses puck.
12:51 of 1st period - Brayden Schenn is hit by Jani Hakanpaa and loses puck.
13:23 of 1st period - Jesperi Kotkaniemi is hit by Dustin Brown.
13:34 of 1st period - Off-side.
13:35 of 1st period - John Tavares wins face-off versus Tomas Hertl in neutral zone.
13:46 of 1st period - Shot by Leon Draisaitl.
13:46 of 1st period - Shot Blocked by Marco Scandella.
13:52 of 1st period - Shot by Leon Draisaitl.
13:52 of 1st period - Shot Misses the Net.
14:14 of 1st period - Shot by Andre Burakovsky.
14:14 of 1st period - Stopped by Kaapo Kahkonen without a rebound.
14:15 of 1st period - Vladislav Namestnikov wins face-off versus Tyson Jost in COLORADO GLACIERCATS zone.
15:27 of 1st period - Shot by Joonas Donskoi.
15:27 of 1st period - Shot Blocked by Ivan Barbashev.
17:00 of 1st period - Shot by John Tavares.
17:00 of 1st period - Shot Misses the Net.
17:14 of 1st period - Shot by John Tavares.
17:14 of 1st period - Stopped by Kaapo Kahkonen without a rebound.
17:15 of 1st period - Jesperi Kotkaniemi wins face-off versus Tyson Jost in COLORADO GLACIERCATS zone.
17:22 of 1st period - Shot by Jesperi Kotkaniemi.
17:22 of 1st period - Shot Misses the Net.
18:40 of 1st period - Minor Penalty to Vladislav Gavrikov for Holding.
18:41 of 1st period - John Tavares wins face-off versus Luke Glendening in COLORADO GLACIERCATS zone.
18:42 of 1st period - Shot by Tim Stutzle.
18:42 of 1st period - Stopped by Kaapo Kahkonen without a rebound.
18:43 of 1st period - Luke Glendening wins face-off versus Andre Burakovsky in COLORADO GLACIERCATS zone.
Goals for this period are 0 for BOISE CARIBOUS vs 1 for COLORADO GLACIERCATS.
Shots for this period are 14 for BOISE CARIBOUS vs 3 for COLORADO GLACIERCATS.

2nd period


0:01 of 2nd period - Ryan Getzlaf wins face-off versus John Tavares in neutral zone.
0:20 of 2nd period - Shot by Dominik Kubalik.
0:20 of 2nd period - Shot Misses the Net.
1:49 of 2nd period - Off-side.
1:50 of 2nd period - Ryan Getzlaf wins face-off versus Tim Stutzle in neutral zone.
2:01 of 2nd period - Shot by Andre Burakovsky.
2:01 of 2nd period - Stopped by Kaapo Kahkonen without a rebound.
2:02 of 2nd period - Tyson Jost wins face-off versus Jesperi Kotkaniemi in COLORADO GLACIERCATS zone.
2:02 of 2nd period - Tyson Jost is hit by Denis Gurianov.
2:13 of 2nd period - Alex Iafallo is hit by Marco Scandella and loses puck.
3:16 of 2nd period - Brayden Schenn is hit by Rasmus Andersson and loses puck.
3:25 of 2nd period - Shot by Brayden Schenn.
3:25 of 2nd period - Stopped by Jake Allen with a rebound.
4:11 of 2nd period - Icing by Dmitry Kulikov.
4:12 of 2nd period - Tomas Hertl wins face-off versus Lawson Crouse in BOISE CARIBOUS zone.
4:16 of 2nd period - Leon Draisaitl is hit by Jani Hakanpaa and loses puck.
4:20 of 2nd period - Icing by Dmitry Kulikov.
4:21 of 2nd period - Tomas Hertl wins face-off versus Vladislav Namestnikov in BOISE CARIBOUS zone.
4:26 of 2nd period - Shot by Tomas Hertl.
4:26 of 2nd period - Shot Blocked by Jani Hakanpaa.
4:45 of 2nd period - Shot by Leon Draisaitl.
4:45 of 2nd period - Stopped by Jake Allen without a rebound.
4:46 of 2nd period - Jesperi Kotkaniemi wins face-off versus Tyson Jost in BOISE CARIBOUS zone.
4:46 of 2nd period - Jesperi Kotkaniemi is hit by Tyson Jost.
5:28 of 2nd period - Shot by Tyson Jost.
5:28 of 2nd period - Stopped by Jake Allen without a rebound.
5:29 of 2nd period - Tomas Hertl wins face-off versus John Tavares in BOISE CARIBOUS zone.
6:38 of 2nd period - Jani Hakanpaa is hit by Leon Draisaitl and loses puck.
7:14 of 2nd period - Icing by Kaapo Kakko.
7:15 of 2nd period - Tyson Jost wins face-off versus Vladislav Namestnikov in BOISE CARIBOUS zone.
7:34 of 2nd period - Tyson Jost is hit by Lawson Crouse and loses puck.
8:09 of 2nd period - Shot by Brayden Schenn.
8:09 of 2nd period - Shot Misses the Net.
8:11 of 2nd period - Shot by Joonas Donskoi.
8:11 of 2nd period - Shot Blocked by Marco Scandella.
8:13 of 2nd period - Shot by Joonas Donskoi.
8:13 of 2nd period - Shot Blocked by Jesperi Kotkaniemi.
8:37 of 2nd period - Shot by Brayden Schenn.
8:37 of 2nd period - Shot Misses the Net.
9:24 of 2nd period - Cameron Hughes is hit by Andre Burakovsky and loses puck.
10:44 of 2nd period - Off-side.
10:45 of 2nd period - Vladislav Namestnikov wins face-off versus Ryan Getzlaf in neutral zone.
10:52 of 2nd period - Shot by Kaapo Kakko.
10:52 of 2nd period - Shot Misses the Net.
10:54 of 2nd period - Shot by Lawson Crouse.
10:54 of 2nd period - Shot Hit the Post.
11:09 of 2nd period - Off-side.
11:10 of 2nd period - Andre Burakovsky wins face-off versus Tyson Jost in neutral zone.
11:20 of 2nd period - John Tavares is hit by Vladislav Gavrikov and loses puck.
12:03 of 2nd period - Icing by John Tavares.
12:04 of 2nd period - John Tavares wins face-off versus Ryan Getzlaf in BOISE CARIBOUS zone.
12:16 of 2nd period - Off-side.
12:17 of 2nd period - Tomas Hertl wins face-off versus Jesperi Kotkaniemi in neutral zone.
12:27 of 2nd period - Minor Penalty to Ilya Lyubushkin for Tripping.
12:28 of 2nd period - Luke Glendening wins face-off versus Vladislav Namestnikov in COLORADO GLACIERCATS zone.
13:29 of 2nd period - Shot by Tim Stutzle.
13:29 of 2nd period - Stopped by Kaapo Kahkonen without a rebound.
13:30 of 2nd period - John Tavares wins face-off versus Luke Glendening in COLORADO GLACIERCATS zone.
13:33 of 2nd period - Shot by Andre Burakovsky.
13:33 of 2nd period - Shot Misses the Net.
13:53 of 2nd period - Icing by Andre Burakovsky.
13:54 of 2nd period - Ryan Getzlaf wins face-off versus John Tavares in BOISE CARIBOUS zone.
15:25 of 2nd period - Joonas Donskoi is hit by Jani Hakanpaa and loses puck.
16:52 of 2nd period - Shot by Jesperi Kotkaniemi.
16:52 of 2nd period - Shot Misses the Net.
16:54 of 2nd period - Shot by Dominik Kubalik.
16:54 of 2nd period - Stopped by Kaapo Kahkonen without a rebound.
16:55 of 2nd period - Tomas Hertl wins face-off versus John Tavares in COLORADO GLACIERCATS zone.
18:19 of 2nd period - Shot by Devon Toews.
18:19 of 2nd period - Stopped by Jake Allen without a rebound.
18:20 of 2nd period - Vladislav Namestnikov wins face-off versus Tyson Jost in BOISE CARIBOUS zone.
18:20 of 2nd period - Vladislav Namestnikov is hit by Dustin Brown.
18:32 of 2nd period - Shot by Kaapo Kakko.
18:32 of 2nd period - Shot Misses the Net.
18:34 of 2nd period - Shot by Vladislav Namestnikov.
18:34 of 2nd period - Shot Blocked by Tyson Jost.
19:09 of 2nd period - Icing by John Klingberg.
19:10 of 2nd period - Ryan Getzlaf wins face-off versus Vladislav Namestnikov in BOISE CARIBOUS zone.
19:29 of 2nd period - Icing by Torey Krug.
19:30 of 2nd period - Ryan Getzlaf wins face-off versus Denis Gurianov in COLORADO GLACIERCATS zone.
19:53 of 2nd period - Minor Penalty to Devon Toews for Hooking.
19:54 of 2nd period - Tyson Jost wins face-off versus John Tavares in COLORADO GLACIERCATS zone.
Goals for this period are 0 for BOISE CARIBOUS vs 0 for COLORADO GLACIERCATS.
Shots for this period are 3 for BOISE CARIBOUS vs 4 for COLORADO GLACIERCATS.

3rd period


0:01 of 3rd period - John Tavares wins face-off versus Ryan Getzlaf in neutral zone.
0:15 of 3rd period - Shot by John Tavares.
0:15 of 3rd period - Shot Hit the Post.
1:29 of 3rd period - Denis Gurianov is hit by Ryan Getzlaf and loses puck.
1:49 of 3rd period - Shot by Rasmus Dahlin.
1:49 of 3rd period - Stopped by Kaapo Kahkonen with a rebound.
1:51 of 3rd period - Shot by Vladislav Namestnikov.
1:51 of 3rd period - Shot Misses the Net.
1:53 of 3rd period - Shot by Ivan Barbashev.
1:53 of 3rd period - Shot Misses the Net.
2:34 of 3rd period - Icing by Jani Hakanpaa.
2:35 of 3rd period - Luke Glendening wins face-off versus Matt Benning in BOISE CARIBOUS zone.
3:01 of 3rd period - Icing by Rasmus Dahlin.
3:02 of 3rd period - Ryan Getzlaf wins face-off versus Lawson Crouse in BOISE CARIBOUS zone.
3:02 of 3rd period - Joonas Donskoi is hit by Rasmus Dahlin.
3:19 of 3rd period - Icing by Marco Scandella.
3:20 of 3rd period - Tomas Hertl wins face-off versus Vladislav Namestnikov in BOISE CARIBOUS zone.
4:18 of 3rd period - Shot by Brayden Schenn.
4:18 of 3rd period - Shot Misses the Net.
7:30 of 3rd period - Shot by Brayden Schenn.
7:30 of 3rd period - Shot Blocked by John Klingberg.
7:42 of 3rd period - Shot by Joonas Donskoi.
7:42 of 3rd period - Stopped by Jake Allen without a rebound.
7:43 of 3rd period - Vladislav Namestnikov wins face-off versus Luke Glendening in BOISE CARIBOUS zone.
7:43 of 3rd period - Vladislav Namestnikov is hit by Cameron Hughes.
9:20 of 3rd period - Icing by Leon Draisaitl.
9:21 of 3rd period - Jesperi Kotkaniemi wins face-off versus Tomas Hertl in COLORADO GLACIERCATS zone.
10:11 of 3rd period - Off-side.
10:12 of 3rd period - Andre Burakovsky wins face-off versus Tyson Jost in neutral zone.
10:53 of 3rd period - Shot by Alex Iafallo.
10:53 of 3rd period - Shot Misses the Net.
11:19 of 3rd period - Shot by Brayden Schenn.
11:19 of 3rd period - Stopped by Jake Allen without a rebound.
11:20 of 3rd period - Tomas Hertl wins face-off versus Vladislav Namestnikov in BOISE CARIBOUS zone.
11:25 of 3rd period - Icing by Jani Hakanpaa.
11:26 of 3rd period - Ryan Getzlaf wins face-off versus Vladislav Namestnikov in BOISE CARIBOUS zone.
12:30 of 3rd period - Devon Toews is hit by Denis Gurianov and loses puck.
13:33 of 3rd period - Tyson Jost is hit by Marco Scandella and loses puck.
13:39 of 3rd period - Icing by Marco Scandella.
13:40 of 3rd period - Luke Glendening wins face-off versus Jesperi Kotkaniemi in BOISE CARIBOUS zone.
14:20 of 3rd period - John Klingberg is hit by Luke Glendening and loses puck.
14:28 of 3rd period - Icing by Andre Burakovsky.
14:29 of 3rd period - John Tavares wins face-off versus Ryan Getzlaf in BOISE CARIBOUS zone.
15:17 of 3rd period - Icing by Andre Burakovsky.
15:18 of 3rd period - John Tavares wins face-off versus Tyson Jost in BOISE CARIBOUS zone.
15:18 of 3rd period - John Tavares is hit by Dustin Brown.
15:24 of 3rd period - John Tavares is hit by Tyson Jost and loses puck.
16:01 of 3rd period - Icing by John Klingberg.
16:02 of 3rd period - Tomas Hertl wins face-off versus Tim Stutzle in BOISE CARIBOUS zone.
16:22 of 3rd period - Icing by John Klingberg.
16:23 of 3rd period - Ryan Getzlaf wins face-off versus Tim Stutzle in BOISE CARIBOUS zone.
16:52 of 3rd period - Shot by Brayden Schenn.
16:52 of 3rd period - Shot Misses the Net.
16:55 of 3rd period - Icing by Dmitry Kulikov.
16:56 of 3rd period - Tomas Hertl wins face-off versus Jesperi Kotkaniemi in BOISE CARIBOUS zone.
17:02 of 3rd period - Tomas Hertl is hit by Jani Hakanpaa and loses puck.
17:40 of 3rd period - Leon Draisaitl is hit by Dmitry Kulikov and loses puck.
17:51 of 3rd period - Icing by Dmitry Kulikov.
17:52 of 3rd period - Jesperi Kotkaniemi wins face-off versus Ryan Getzlaf in BOISE CARIBOUS zone.
17:56 of 3rd period - Minor Penalty to Jani Hakanpaa for Hooking.
17:57 of 3rd period - Brayden Schenn wins face-off versus Ivan Barbashev in BOISE CARIBOUS zone.
18:00 of 3rd period - Shot by Torey Krug.
18:00 of 3rd period - Stopped by Jake Allen with a rebound.
18:02 of 3rd period - Shot by Joonas Donskoi.
18:02 of 3rd period - Goal by Joonas Donskoi - BOISE CARIBOUS : 0 - COLORADO GLACIERCATS : 2.
18:03 of 3rd period - Ryan Getzlaf wins face-off versus Vladislav Namestnikov in neutral zone.
18:23 of 3rd period - Minor Penalty to Ryan Getzlaf for Interference.
18:24 of 3rd period - Vladislav Namestnikov wins face-off versus Cameron Hughes in COLORADO GLACIERCATS zone.
18:27 of 3rd period - Shot by Denis Gurianov.
18:27 of 3rd period - Shot Blocked by Vladislav Gavrikov.
19:39 of 3rd period - Shot by Andre Burakovsky.
19:39 of 3rd period - Shot Blocked by Devon Toews.
19:41 of 3rd period - Shot by John Tavares.
19:41 of 3rd period - Stopped by Kaapo Kahkonen without a rebound.
19:42 of 3rd period - Luke Glendening wins face-off versus Vladislav Namestnikov in COLORADO GLACIERCATS zone.
Goals for this period are 0 for BOISE CARIBOUS vs 1 for COLORADO GLACIERCATS.
Shots for this period are 2 for BOISE CARIBOUS vs 4 for COLORADO GLACIERCATS.


SEBASTIAN
AHO
MARK
SCHEIFELE
JAKE
OETTINGER

EAST COAST

HOCKEY LEAGUE

  • 17.QUE3CHI2
  • 18.CHA2LIM4
  • 19.TRV3LON2
  • 20.CHW1BAL2
  • 21.PITMAN
  • 22.ATLNHW
  • 23.WORPET
  • 24.RHI